[ AOE2 MATCH · #471959848 ]
UnrankedGoths vs Maya
[ REPLAY ANALYSIS · EXTRACTED FROM THE RECORDED GAME ]
Feudal
13:34
Castle
18:51
Imperial
31:25
| APM avg | 30.3 |
| APM peak | 67 |
| eAPM avg | 18.1 |
| Villagers / military | 128 / 71 |
Focus
⚔️ 26.8% · 🌾 73.2%
Huskarl ×62 · Mangonel ×5 · Fishing Ship ×5 · Trebuchet (Packed) ×3 · Monk ×1
Feudal
26:50
Castle
30:42
Imperial
—
| APM avg | 35.6 |
| APM peak | 83 |
| eAPM avg | 20.9 |
| Villagers / military | 88 / 16 |
Focus
⚔️ 36.1% · 🌾 63.9%
Plumed Archer ×16
Feudal
12:00
Castle
15:44
Imperial
34:36
| APM avg | 45.6 |
| APM peak | 94 |
| eAPM avg | 19.5 |
| Villagers / military | 110 / 27 |
Focus
⚔️ 35.2% · 🌾 64.8%
Knight ×16 · Monk ×6 · Battle Elephant ×4 · Trebuchet (Packed) ×1
Feudal
12:54
Castle
20:14
Imperial
30:28
| APM avg | 40.2 |
| APM peak | 120 |
| eAPM avg | 25.5 |
| Villagers / military | 120 / 48 |
Focus
⚔️ 23.8% · 🌾 76.2%
Longbowman ×42 · Fishing Ship ×24 · Battering Ram ×3 · Demolition Raft ×2 · Monk ×1
Feudal
21:55
Castle
29:13
Imperial
34:45
| APM avg | 38.8 |
| APM peak | 80 |
| eAPM avg | 23.3 |
| Villagers / military | 86 / 14 |
Focus
⚔️ 30.1% · 🌾 69.9%
Fishing Ship ×31 · Kamayuk ×10 · Trebuchet (Packed) ×4
Feudal
11:50
Castle
15:58
Imperial
34:35
| APM avg | 54.2 |
| APM peak | 170 |
| eAPM avg | 36.0 |
| Villagers / military | 129 / 56 |
Focus
⚔️ 57.6% · 🌾 42.4%
Camel Scout ×48 · Fishing Ship ×5 · Monk ×3 · Scorpion ×2 · Trebuchet (Packed) ×2 · Spearman ×1
Match map
Initial resources + every placement click. Lines = walls · curves = elevation contours. ◆ gold · ⬟ stone · ● berries · ✦ relic · ◌ wall gap
Your base· ✓ Closed at 18:51 · 14t walls · no gate
Ferman's base· ✓ Closed at 30:42 · 66t walls · no gate
Xololo's base· ✓ Closed at 15:44 · 32t walls · no gate
DK_Exmerior's base· ✓ Closed at 20:14 · 18t walls · no gate
Obuk's base· ✓ Closed at 29:13 · 35t walls · 4 gate(s)
Lukemba's base· ✓ Closed at 15:58 · 19t walls · no gate
Smoothed initial terrain · ◌ = detected wall gap · hover for details
Inputs per minute
— number5 - - Ferman
Build order — number5
First 150 of 319 actions detected
| 0:00 | Research | Loom |
| 0:00 | Research | Loom |
| 0:02 | Create | Villager (Male) |
| 0:02 | Create | Villager (Male) |
| 0:02 | Create | Villager (Male) |
| 0:02 | Create | Villager (Male) |
| 0:03 | Build | House |
| 0:04 | Build | House |
| 1:47 | Build | Palisade Wall |
| 1:49 | Build | Palisade Wall |
| 2:11 | Create | Villager (Male) |
| 2:12 | Create | Villager (Male) |
| 2:40 | Create | Villager (Male) |
| 3:09 | Build | Palisade Wall |
| 3:27 | Build | Palisade Wall |
| 3:29 | Build | Palisade Wall |
| 3:38 | Create | Villager (Male) |
| 3:38 | Create | Villager (Male) |
| 3:56 | Create | Villager (Male) |
| 3:56 | Create | Villager (Male) |
| 4:25 | Create | Villager (Male) |
| 4:37 | Build | House |
| 4:40 | Build | Palisade Wall |
| 4:44 | Build | Palisade Wall |
| 4:46 | Build | Palisade Wall |
| 4:51 | Build | Palisade Wall |
| 5:12 | Build | Palisade Gate |
| 5:30 | Create | Villager (Male) |
| 5:31 | Create | Villager (Male) |
| 5:32 | Create | Villager (Male) |
| 6:28 | Build | Palisade Wall |
| 6:31 | Build | Palisade Wall |
| 6:32 | Create | Villager (Male) |
| 6:32 | Create | Villager (Male) |
| 6:35 | Create | Villager (Male) |
| 6:36 | Create | Villager (Male) |
| 6:36 | Create | Villager (Male) |
| 6:49 | Build | Palisade Wall |
| 6:54 | Build | Palisade Wall |
| 7:09 | Create | Villager (Male) |
| 7:10 | Create | Villager (Male) |
| 7:33 | Create | Villager (Male) |
| 7:46 | Create | Villager (Male) |
| 8:14 | Build | Lumber Camp |
| 8:16 | Create | Villager (Male) |
| 8:33 | Create | Villager (Male) |
| 8:35 | Build | House |
| 8:50 | Create | Villager (Male) |
| 8:50 | Create | Villager (Male) |
| 9:25 | Create | Villager (Male) |
| 10:36 | Build | Dock |
| 11:02 | Build | House |
| 11:24 | Research | Feudal Age |
| 11:30 | Create | Fishing Ship |
| 11:37 | Build | Mining Camp |
| 11:55 | Create | Villager (Male) |
| 12:36 | Create | Fishing Ship |
| 13:29 | Create | Fishing Ship |
| 13:34 | Age | Feudal Age |
| 14:03 | Build | Mill |
| 14:06 | Create | Villager (Male) |
| 14:07 | Create | Villager (Male) |
| 14:07 | Create | Villager (Male) |
| 14:13 | Build | House |
| 14:52 | Build | Market |
| 14:58 | Create | Villager (Male) |
| 15:08 | Build | House |
| 15:35 | Build | Blacksmith |
| 15:43 | Create | Villager (Male) |
| 15:50 | Create | Fishing Ship |
| 16:09 | Research | Castle Age |
| 16:31 | Build | Mill |
| 16:53 | Research | Double-Bit Axe |
| 16:53 | Research | Double-Bit Axe |
| 18:49 | Create | Villager (Male) |
| 18:50 | Create | Villager (Male) |
| 18:51 | Age | Castle Age |
| 18:54 | Build | Town Center |
| 19:17 | Create | Villager (Male) |
| 19:26 | Build | Town Center |
| 19:43 | Build | House |
| 19:46 | Create | Villager (Male) |
| 19:59 | Create | Villager (Male) |
| 19:59 | Create | Villager (Male) |
| 20:00 | Create | Villager (Male) |
| 20:00 | Create | Villager (Male) |
| 20:07 | Research | Bow Saw |
| 20:07 | Research | Bow Saw |
| 20:08 | Create | Villager (Male) |
| 20:13 | Build | House |
| 20:17 | Create | Villager (Male) |
| 20:26 | Create | Villager (Male) |
| 20:34 | Build | Fish Trap |
| 20:38 | Create | Villager (Male) |
| 20:40 | Create | Villager (Male) |
| 20:44 | Research | Horse Collar |
| 20:46 | Create | Villager (Male) |
| 20:52 | Build | Fish Trap |
| 20:55 | Create | Villager (Male) |
| 21:03 | Create | Villager (Male) |
| 21:07 | Build | Fish Trap |
| 21:22 | Build | House |
| 21:23 | Create | Villager (Male) |
| 21:25 | Build | Farm |
| 21:27 | Build | Farm |
| 21:30 | Build | Farm |
| 21:33 | Build | Fish Trap |
| 21:38 | Create | Villager (Male) |
| 21:43 | Build | Farm |
| 21:44 | Build | Farm |
| 21:46 | Build | Farm |
| 21:47 | Research | Heavy Plow |
| 21:47 | Research | Heavy Plow |
| 21:53 | Create | Villager (Male) |
| 21:58 | Build | House |
| 22:02 | Build | House |
| 22:09 | Create | Villager (Male) |
| 22:11 | Build | Farm |
| 22:12 | Create | Villager (Male) |
| 22:12 | Create | Villager (Male) |
| 22:13 | Create | Villager (Male) |
| 22:16 | Build | Farm |
| 22:17 | Build | Farm |
| 22:19 | Build | Farm |
| 22:20 | Build | Farm |
| 22:24 | Build | Farm |
| 22:26 | Create | Fishing Ship |
| 22:28 | Create | Villager (Male) |
| 22:32 | Build | Farm |
| 22:36 | Create | Villager (Male) |
| 22:51 | Research | Stone Mining |
| 22:53 | Create | Villager (Male) |
| 22:58 | Build | House |
| 22:59 | Build | House |
| 23:01 | Build | House |
| 23:07 | Build | House |
| 23:08 | Build | House |
| 23:10 | Create | Villager (Male) |
| 23:13 | Build | House |
| 23:14 | Create | Villager (Male) |
| 23:17 | Build | Siege Workshop |
| 23:19 | Create | Villager (Male) |
| 23:29 | Build | Fish Trap |
| 23:35 | Research | Tech 906 |
| 23:39 | Create | Villager (Male) |
| 23:42 | Build | Farm |
| 23:43 | Create | Villager (Male) |
| 23:47 | Build | Farm |
| 23:50 | Build | Farm |
| 23:52 | Create | Villager (Male) |
Build order — Ferman
First 150 of 221 actions detected
| 0:01 | Create | Villager (Male) |
| 0:03 | Research | Loom |
| 0:04 | Build | House |
| 0:05 | Build | House |
| 0:32 | Create | Villager (Male) |
| 0:32 | Create | Villager (Male) |
| 0:33 | Create | Villager (Male) |
| 0:33 | Create | Villager (Male) |
| 2:09 | Create | Villager (Male) |
| 2:53 | Build | Palisade Wall |
| 2:53 | Build | Palisade Wall |
| 2:55 | Build | Palisade Wall |
| 3:05 | Create | Villager (Male) |
| 3:05 | Create | Villager (Male) |
| 3:23 | Build | Lumber Camp |
| 3:50 | Create | Villager (Male) |
| 3:50 | Create | Villager (Male) |
| 4:31 | Create | Villager (Male) |
| 4:31 | Create | Villager (Male) |
| 5:00 | Create | Villager (Male) |
| 5:01 | Create | Villager (Male) |
| 5:08 | Build | Palisade Wall |
| 5:31 | Create | Villager (Male) |
| 5:31 | Create | Villager (Male) |
| 5:42 | Build | House |
| 5:49 | Create | Villager (Male) |
| 5:49 | Create | Villager (Male) |
| 6:10 | Build | House |
| 6:13 | Build | House |
| 6:42 | Create | Villager (Male) |
| 6:42 | Create | Villager (Male) |
| 6:50 | Build | House |
| 6:54 | Create | Villager (Male) |
| 7:22 | Create | Villager (Male) |
| 7:22 | Create | Villager (Male) |
| 7:22 | Create | Villager (Male) |
| 7:52 | Create | Villager (Male) |
| 8:12 | Build | House |
| 8:18 | Build | House |
| 8:26 | Create | Villager (Male) |
| 8:26 | Create | Villager (Male) |
| 8:37 | Create | Villager (Male) |
| 8:37 | Create | Villager (Male) |
| 9:00 | Build | Palisade Wall |
| 9:10 | Create | Villager (Male) |
| 9:10 | Create | Villager (Male) |
| 9:45 | Create | Villager (Male) |
| 10:32 | Create | Villager (Male) |
| 10:57 | Create | Villager (Male) |
| 10:57 | Create | Villager (Male) |
| 11:23 | Create | Villager (Male) |
| 11:24 | Create | Villager (Male) |
| 11:50 | Build | Palisade Wall |
| 11:52 | Build | Palisade Wall |
| 12:19 | Create | Villager (Male) |
| 12:19 | Create | Villager (Male) |
| 13:00 | Create | Villager (Male) |
| 13:01 | Create | Villager (Male) |
| 13:13 | Create | Villager (Male) |
| 13:13 | Create | Villager (Male) |
| 14:22 | Create | Villager (Male) |
| 14:22 | Create | Villager (Male) |
| 14:29 | Create | Villager (Male) |
| 14:32 | Build | Mill |
| 15:17 | Create | Villager (Male) |
| 15:25 | Build | Palisade Wall |
| 15:25 | Build | Palisade Wall |
| 15:27 | Build | Palisade Wall |
| 15:29 | Build | Palisade Wall |
| 15:37 | Create | Villager (Male) |
| 15:38 | Create | Villager (Male) |
| 15:41 | Create | Villager (Male) |
| 15:51 | Build | Lumber Camp |
| 15:57 | Build | Palisade Wall |
| 15:58 | Build | Palisade Wall |
| 16:00 | Build | Palisade Wall |
| 16:09 | Build | Palisade Wall |
| 16:16 | Build | Palisade Wall |
| 16:17 | Build | Palisade Wall |
| 16:21 | Create | Villager (Male) |
| 16:22 | Create | Villager (Male) |
| 16:25 | Build | Mill |
| 16:31 | Build | House |
| 16:41 | Create | Villager (Male) |
| 16:41 | Create | Villager (Male) |
| 17:11 | Build | Palisade Wall |
| 17:12 | Build | Palisade Wall |
| 17:26 | Build | Palisade Wall |
| 17:26 | Build | Palisade Wall |
| 17:27 | Build | Palisade Wall |
| 17:28 | Build | Palisade Wall |
| 17:34 | Create | Villager (Male) |
| 17:34 | Create | Villager (Male) |
| 17:48 | Build | Palisade Wall |
| 17:50 | Create | Villager (Male) |
| 17:52 | Build | House |
| 17:53 | Build | Palisade Wall |
| 18:01 | Build | Palisade Wall |
| 18:02 | Build | Palisade Wall |
| 18:04 | Create | Villager (Male) |
| 18:04 | Create | Villager (Male) |
| 18:10 | Build | Palisade Wall |
| 18:34 | Build | Lumber Camp |
| 18:49 | Create | Villager (Male) |
| 18:54 | Build | Farm |
| 19:21 | Create | Villager (Male) |
| 19:47 | Build | House |
| 19:50 | Build | House |
| 19:52 | Build | House |
| 19:54 | Build | House |
| 19:56 | Build | House |
| 19:57 | Create | Villager (Male) |
| 19:57 | Create | Villager (Male) |
| 20:06 | Build | Farm |
| 20:07 | Build | Farm |
| 20:32 | Build | Farm |
| 20:40 | Build | Palisade Wall |
| 20:58 | Build | Farm |
| 21:07 | Create | Villager (Male) |
| 21:13 | Build | House |
| 21:23 | Build | Farm |
| 21:37 | Create | Villager (Male) |
| 21:56 | Create | Villager (Male) |
| 22:11 | Build | Farm |
| 22:18 | Build | Farm |
| 22:19 | Create | Villager (Male) |
| 22:35 | Create | Villager (Male) |
| 22:38 | Build | Farm |
| 22:46 | Build | Farm |
| 22:51 | Build | Palisade Wall |
| 22:57 | Build | Mining Camp |
| 23:06 | Build | Farm |
| 23:16 | Create | Villager (Male) |
| 23:31 | Build | Farm |
| 23:34 | Create | Villager (Male) |
| 23:43 | Build | Mill |
| 23:44 | Build | Farm |
| 23:44 | Build | Farm |
| 23:56 | Build | Farm |
| 24:06 | Build | Palisade Wall |
| 24:09 | Build | Palisade Wall |
| 24:11 | Build | Palisade Wall |
| 24:20 | Research | Feudal Age |
| 24:24 | Build | Palisade Wall |
| 24:26 | Build | Palisade Wall |
| 24:27 | Build | Palisade Wall |
| 24:53 | Build | Farm |
| 26:16 | Build | House |
| 26:28 | Build | Palisade Wall |
| 26:45 | Build | Palisade Wall |
Build order — Xololo
First 150 of 235 actions detected
| 0:01 | Create | Villager (Male) |
| 0:01 | Create | Villager (Male) |
| 0:01 | Create | Villager (Male) |
| 0:02 | Build | House |
| 0:03 | Build | House |
| 0:16 | Create | Villager (Male) |
| 0:31 | Research | Loom |
| 1:37 | Create | Villager (Male) |
| 2:43 | Create | Villager (Male) |
| 2:43 | Create | Villager (Male) |
| 2:43 | Create | Villager (Male) |
| 3:13 | Create | Villager (Male) |
| 3:13 | Create | Villager (Male) |
| 3:44 | Build | Palisade Wall |
| 3:45 | Create | Villager (Male) |
| 3:45 | Create | Villager (Male) |
| 5:05 | Create | Villager (Male) |
| 5:09 | Build | Lumber Camp |
| 5:18 | Build | House |
| 6:05 | Create | Villager (Male) |
| 6:10 | Build | House |
| 6:27 | Create | Villager (Male) |
| 6:55 | Create | Villager (Male) |
| 7:10 | Build | Mill |
| 7:22 | Build | Palisade Wall |
| 7:23 | Build | Palisade Wall |
| 7:25 | Build | Palisade Wall |
| 7:35 | Create | Villager (Male) |
| 7:58 | Build | House |
| 8:03 | Create | Villager (Male) |
| 8:23 | Build | Mining Camp |
| 8:32 | Create | Villager (Male) |
| 8:59 | Create | Villager (Male) |
| 9:25 | Create | Villager (Male) |
| 9:44 | Research | Feudal Age |
| 11:50 | Build | House |
| 12:00 | Age | Feudal Age |
| 12:05 | Build | Market |
| 12:10 | Build | Stone Wall |
| 12:14 | Create | Villager (Male) |
| 12:43 | Build | Farm |
| 13:04 | Research | Castle Age |
| 13:40 | Build | Stone Wall |
| 13:41 | Build | Stone Wall |
| 13:42 | Build | Stone Wall |
| 13:44 | Build | Stone Wall |
| 14:11 | Build | Stable |
| 14:34 | Research | Double-Bit Axe |
| 15:22 | Research | Horse Collar |
| 15:28 | Create | Villager (Male) |
| 15:29 | Create | Villager (Male) |
| 15:44 | Age | Castle Age |
| 15:45 | Create | Knight |
| 15:46 | Create | Knight |
| 16:05 | Build | Blacksmith |
| 16:07 | Create | Knight |
| 16:24 | Build | Farm |
| 16:27 | Create | Villager (Male) |
| 16:40 | Build | House |
| 16:43 | Create | Villager (Male) |
| 16:50 | Create | Knight |
| 17:06 | Research | Forging |
| 17:07 | Create | Villager (Male) |
| 17:16 | Build | Farm |
| 17:17 | Build | Farm |
| 17:20 | Build | Farm |
| 17:21 | Build | Farm |
| 17:22 | Create | Knight |
| 17:56 | Create | Villager (Male) |
| 17:56 | Create | Villager (Male) |
| 18:00 | Build | Farm |
| 18:00 | Build | Farm |
| 18:00 | Build | Farm |
| 18:00 | Build | Farm |
| 18:08 | Build | Outpost |
| 18:28 | Create | Knight |
| 18:37 | Create | Villager (Male) |
| 18:51 | Create | Knight |
| 19:00 | Build | House |
| 19:08 | Create | Knight |
| 19:28 | Research | Scale Barding Armor |
| 19:35 | Build | House |
| 19:35 | Build | House |
| 19:53 | Create | Villager (Male) |
| 19:57 | Create | Knight |
| 20:07 | Create | Villager (Male) |
| 20:12 | Build | Farm |
| 20:12 | Build | Farm |
| 20:12 | Build | Farm |
| 20:30 | Create | Villager (Male) |
| 20:53 | Build | Farm |
| 20:56 | Research | Chain Barding Armor |
| 21:12 | Create | Knight |
| 21:15 | Build | Farm |
| 21:26 | Create | Knight |
| 21:42 | Create | Knight |
| 21:43 | Create | Villager (Male) |
| 21:48 | Build | Stable |
| 22:04 | Create | Knight |
| 22:05 | Create | Villager (Male) |
| 22:06 | Create | Villager (Male) |
| 22:09 | Build | House |
| 22:10 | Build | House |
| 22:12 | Create | Villager (Male) |
| 22:23 | Build | Farm |
| 22:53 | Research | Bloodlines |
| 23:09 | Research | Husbandry |
| 23:16 | Create | Knight |
| 23:18 | Create | Villager (Male) |
| 23:53 | Create | Villager (Male) |
| 23:54 | Research | Wheelbarrow |
| 23:58 | Build | Farm |
| 23:58 | Build | Farm |
| 23:59 | Build | Farm |
| 23:59 | Build | Farm |
| 23:59 | Build | Farm |
| 24:00 | Create | Villager (Male) |
| 24:00 | Create | Villager (Male) |
| 24:20 | Create | Knight |
| 24:40 | Create | Villager (Male) |
| 24:41 | Create | Villager (Male) |
| 24:50 | Build | Monastery |
| 25:19 | Create | Villager (Male) |
| 25:25 | Create | Knight |
| 25:34 | Build | House |
| 25:35 | Build | House |
| 26:01 | Create | Villager (Male) |
| 26:02 | Create | Villager (Male) |
| 26:37 | Create | Villager (Male) |
| 26:54 | Build | Town Center |
| 27:40 | Create | Monk |
| 27:40 | Create | Monk |
| 28:02 | Create | Villager (Male) |
| 28:07 | Create | Villager (Male) |
| 28:12 | Research | Iron Casting |
| 28:55 | Create | Monk |
| 28:56 | Create | Villager (Male) |
| 28:59 | Create | Villager (Male) |
| 29:04 | Build | Mining Camp |
| 29:05 | Create | Villager (Male) |
| 29:05 | Create | Villager (Male) |
| 29:19 | Create | Villager (Male) |
| 29:23 | Build | Farm |
| 29:25 | Build | Farm |
| 29:25 | Build | Farm |
| 29:26 | Build | Farm |
| 29:26 | Build | Farm |
| 29:28 | Create | Villager (Male) |
| 29:33 | Create | Villager (Male) |
| 29:33 | Create | Villager (Male) |
Build order — DK_Exmerior
First 150 of 350 actions detected
| 0:01 | Create | Villager (Male) |
| 0:01 | Create | Villager (Male) |
| 0:03 | Build | House |
| 0:03 | Create | Villager (Male) |
| 0:03 | Create | Villager (Male) |
| 0:04 | Build | House |
| 0:18 | Research | Loom |
| 0:39 | Create | Villager (Male) |
| 0:39 | Create | Villager (Male) |
| 0:39 | Create | Villager (Male) |
| 1:07 | Build | Palisade Wall |
| 2:13 | Create | Villager (Male) |
| 2:13 | Create | Villager (Male) |
| 2:40 | Create | Villager (Male) |
| 2:40 | Create | Villager (Male) |
| 3:16 | Create | Villager (Male) |
| 3:16 | Create | Villager (Male) |
| 3:45 | Create | Villager (Male) |
| 3:45 | Create | Villager (Male) |
| 4:02 | Create | Villager (Male) |
| 4:02 | Create | Villager (Male) |
| 4:06 | Build | Lumber Camp |
| 4:36 | Create | Villager (Male) |
| 4:54 | Build | House |
| 4:58 | Build | Palisade Wall |
| 5:01 | Build | Palisade Wall |
| 5:09 | Create | Villager (Male) |
| 5:09 | Create | Villager (Male) |
| 5:17 | Create | Villager (Male) |
| 5:20 | Build | Palisade Wall |
| 5:23 | Build | Palisade Wall |
| 5:33 | Build | House |
| 6:00 | Create | Villager (Male) |
| 6:00 | Create | Villager (Male) |
| 6:01 | Create | Villager (Male) |
| 6:09 | Build | Palisade Wall |
| 6:33 | Build | Palisade Wall |
| 6:50 | Create | Villager (Male) |
| 7:13 | Create | Villager (Male) |
| 7:13 | Create | Villager (Male) |
| 7:40 | Create | Villager (Male) |
| 7:51 | Build | House |
| 8:14 | Create | Villager (Male) |
| 8:16 | Create | Villager (Male) |
| 8:39 | Create | Villager (Male) |
| 8:43 | Build | House |
| 9:18 | Build | Dock |
| 9:23 | Create | Villager (Male) |
| 9:34 | Build | House |
| 9:51 | Create | Villager (Male) |
| 9:57 | Create | Fishing Ship |
| 10:12 | Create | Villager (Male) |
| 10:30 | Create | Fishing Ship |
| 10:40 | Research | Feudal Age |
| 10:40 | Research | Feudal Age |
| 11:10 | Build | Mill |
| 11:21 | Build | Lumber Camp |
| 11:33 | Build | House |
| 11:50 | Create | Fishing Ship |
| 12:05 | Create | Villager (Male) |
| 12:12 | Build | Mining Camp |
| 12:28 | Build | Mill |
| 12:40 | Create | Fishing Ship |
| 12:40 | Create | Fishing Ship |
| 12:54 | Age | Feudal Age |
| 13:07 | Build | Stone Wall |
| 13:11 | Build | Stone Wall |
| 13:12 | Build | Stone Wall |
| 13:18 | Build | Stone Wall |
| 13:23 | Create | Villager (Male) |
| 13:23 | Create | Villager (Male) |
| 13:24 | Research | Double-Bit Axe |
| 13:30 | Create | Demolition Raft |
| 13:35 | Build | Blacksmith |
| 13:42 | Create | Fishing Ship |
| 14:06 | Create | Villager (Male) |
| 14:15 | Create | Fishing Ship |
| 14:18 | Build | House |
| 14:34 | Create | Villager (Male) |
| 14:40 | Build | Market |
| 14:45 | Build | Market |
| 14:48 | Create | Villager (Male) |
| 15:04 | Create | Fishing Ship |
| 15:22 | Create | Villager (Male) |
| 15:39 | Build | House |
| 15:39 | Build | House |
| 15:45 | Build | Fish Trap |
| 15:47 | Create | Villager (Male) |
| 15:58 | Build | Fish Trap |
| 16:13 | Build | Fish Trap |
| 16:17 | Create | Villager (Male) |
| 16:32 | Build | Fish Trap |
| 16:36 | Create | Villager (Male) |
| 16:46 | Build | Fish Trap |
| 17:01 | Build | Fish Trap |
| 17:06 | Create | Villager (Male) |
| 17:23 | Build | Mining Camp |
| 17:34 | Research | Castle Age |
| 17:34 | Research | Castle Age |
| 18:13 | Create | Fishing Ship |
| 18:22 | Build | Dock |
| 18:29 | Create | Fishing Ship |
| 18:31 | Research | Horse Collar |
| 18:39 | Research | Stone Mining |
| 18:43 | Research | Gold Mining |
| 19:04 | Build | House |
| 19:05 | Build | House |
| 19:06 | Build | House |
| 19:15 | Create | Demolition Raft |
| 19:17 | Create | Fishing Ship |
| 19:28 | Build | Fish Trap |
| 19:32 | Create | Fishing Ship |
| 19:37 | Build | Fish Trap |
| 19:45 | Create | Fishing Ship |
| 20:14 | Age | Castle Age |
| 20:15 | Build | Stone Wall |
| 20:16 | Build | Stone Wall |
| 20:21 | Build | Gate |
| 20:23 | Create | Villager (Male) |
| 20:27 | Build | Fish Trap |
| 20:35 | Create | Fishing Ship |
| 20:38 | Build | Fish Trap |
| 20:44 | Create | Villager (Male) |
| 20:44 | Create | Villager (Male) |
| 20:47 | Build | Fish Trap |
| 20:56 | Build | Town Center |
| 21:06 | Research | Bow Saw |
| 21:11 | Create | Fishing Ship |
| 21:12 | Create | Fishing Ship |
| 21:49 | Create | Fishing Ship |
| 21:49 | Create | Villager (Male) |
| 21:50 | Create | Villager (Male) |
| 21:51 | Research | Wheelbarrow |
| 22:12 | Build | Fish Trap |
| 22:22 | Build | Fish Trap |
| 22:26 | Create | Fishing Ship |
| 22:37 | Build | Castle |
| 22:43 | Research | Gold Shaft Mining |
| 22:50 | Build | Fish Trap |
| 22:55 | Create | Fishing Ship |
| 22:58 | Build | Fish Trap |
| 23:08 | Build | Fish Trap |
| 23:13 | Create | Villager (Male) |
| 23:13 | Create | Villager (Male) |
| 23:27 | Create | Villager (Male) |
| 23:28 | Create | Villager (Male) |
| 23:36 | Build | Fish Trap |
| 23:53 | Build | Barracks |
| 23:56 | Build | Fish Trap |
| 24:03 | Create | Villager (Male) |
Build order — Obuk
First 150 of 253 actions detected
| 0:00 | Create | Villager (Male) |
| 0:01 | Create | Villager (Male) |
| 0:01 | Create | Villager (Male) |
| 0:02 | Build | House |
| 0:17 | Create | Villager (Male) |
| 0:17 | Create | Villager (Male) |
| 0:22 | Research | Loom |
| 0:23 | Create | Villager (Male) |
| 0:23 | Create | Villager (Male) |
| 0:34 | Create | Villager (Male) |
| 2:22 | Build | Palisade Wall |
| 2:26 | Build | House |
| 2:33 | Create | Villager (Male) |
| 2:53 | Create | Villager (Male) |
| 2:53 | Create | Villager (Male) |
| 3:35 | Create | Villager (Male) |
| 3:35 | Create | Villager (Male) |
| 4:02 | Create | Villager (Male) |
| 4:02 | Create | Villager (Male) |
| 4:23 | Create | Villager (Male) |
| 4:23 | Create | Villager (Male) |
| 4:44 | Build | Settlement |
| 4:52 | Build | Settlement |
| 5:01 | Create | Villager (Male) |
| 5:01 | Create | Villager (Male) |
| 5:23 | Create | Villager (Male) |
| 5:24 | Create | Villager (Male) |
| 5:55 | Create | Villager (Male) |
| 5:56 | Create | Villager (Male) |
| 5:56 | Create | Villager (Male) |
| 6:09 | Create | Villager (Male) |
| 6:09 | Create | Villager (Male) |
| 6:48 | Create | Villager (Male) |
| 7:23 | Create | Villager (Male) |
| 7:23 | Create | Villager (Male) |
| 7:23 | Create | Villager (Male) |
| 7:42 | Create | Villager (Male) |
| 7:42 | Create | Villager (Male) |
| 7:43 | Create | Villager (Male) |
| 8:02 | Create | Villager (Male) |
| 8:02 | Create | Villager (Male) |
| 8:23 | Create | Villager (Male) |
| 8:24 | Create | Villager (Male) |
| 9:01 | Create | Villager (Male) |
| 9:10 | Create | Villager (Male) |
| 9:10 | Create | Villager (Male) |
| 9:38 | Create | Villager (Male) |
| 9:38 | Create | Villager (Male) |
| 9:57 | Create | Villager (Male) |
| 9:57 | Create | Villager (Male) |
| 10:30 | Create | Villager (Male) |
| 10:30 | Create | Villager (Male) |
| 11:00 | Create | Villager (Male) |
| 11:00 | Create | Villager (Male) |
| 11:11 | Build | House |
| 11:37 | Create | Villager (Male) |
| 12:04 | Create | Villager (Male) |
| 12:12 | Build | Palisade Wall |
| 12:42 | Create | Villager (Male) |
| 12:42 | Create | Villager (Male) |
| 12:59 | Create | Villager (Male) |
| 13:00 | Create | Villager (Male) |
| 13:27 | Create | Villager (Male) |
| 13:53 | Build | Dock |
| 14:26 | Build | Palisade Wall |
| 14:46 | Build | Settlement |
| 14:52 | Build | Palisade Wall |
| 15:00 | Create | Villager (Male) |
| 15:04 | Build | House |
| 15:04 | Create | Fishing Ship |
| 15:05 | Create | Fishing Ship |
| 15:10 | Build | Dock |
| 15:47 | Build | Palisade Wall |
| 15:47 | Create | Villager (Male) |
| 15:47 | Create | Villager (Male) |
| 15:50 | Create | Fishing Ship |
| 15:50 | Create | Fishing Ship |
| 15:50 | Create | Fishing Ship |
| 15:51 | Create | Fishing Ship |
| 15:51 | Create | Fishing Ship |
| 16:27 | Create | Villager (Male) |
| 16:27 | Create | Villager (Male) |
| 16:28 | Create | Villager (Male) |
| 16:28 | Create | Villager (Male) |
| 16:32 | Build | House |
| 16:33 | Create | Fishing Ship |
| 16:33 | Create | Fishing Ship |
| 16:34 | Create | Fishing Ship |
| 16:34 | Create | Fishing Ship |
| 16:49 | Build | Palisade Wall |
| 16:50 | Build | Palisade Wall |
| 16:53 | Build | Palisade Wall |
| 16:55 | Build | Palisade Wall |
| 17:29 | Build | Dock |
| 17:50 | Build | Settlement |
| 17:51 | Create | Villager (Male) |
| 17:51 | Create | Villager (Male) |
| 17:51 | Create | Villager (Male) |
| 18:08 | Build | Palisade Wall |
| 18:14 | Create | Fishing Ship |
| 18:24 | Build | Palisade Wall |
| 18:27 | Build | Palisade Gate |
| 18:36 | Create | Villager (Male) |
| 18:43 | Create | Fishing Ship |
| 18:44 | Create | Fishing Ship |
| 18:56 | Create | Villager (Male) |
| 19:14 | Build | Dock |
| 19:27 | Build | Palisade Gate |
| 19:32 | Build | Palisade Wall |
| 19:35 | Research | Feudal Age |
| 19:51 | Build | House |
| 20:13 | Create | Fishing Ship |
| 20:30 | Build | House |
| 20:31 | Build | House |
| 21:33 | Build | House |
| 21:40 | Build | Settlement |
| 21:55 | Age | Feudal Age |
| 21:58 | Create | Villager (Male) |
| 21:59 | Create | Villager (Male) |
| 22:03 | Build | Fish Trap |
| 22:04 | Build | Fish Trap |
| 22:05 | Build | Fish Trap |
| 22:07 | Build | Fish Trap |
| 22:08 | Build | Fish Trap |
| 22:12 | Build | Market |
| 22:13 | Create | Villager (Male) |
| 22:16 | Build | Blacksmith |
| 22:18 | Research | Double-Bit Axe |
| 22:19 | Research | Double-Bit Axe |
| 22:23 | Build | Fish Trap |
| 22:38 | Build | Fish Trap |
| 22:51 | Create | Fishing Ship |
| 22:52 | Create | Fishing Ship |
| 23:02 | Build | Gate |
| 23:14 | Build | Settlement |
| 23:20 | Research | Town Watch |
| 23:20 | Create | Villager (Male) |
| 23:23 | Build | Fish Trap |
| 23:28 | Build | Fish Trap |
| 23:38 | Build | Fish Trap |
| 23:50 | Research | Tech 906 |
| 24:08 | Create | Villager (Male) |
| 24:12 | Create | Fishing Ship |
| 24:12 | Create | Fishing Ship |
| 24:16 | Build | Fish Trap |
| 24:27 | Build | Gate |
| 24:34 | Create | Villager (Male) |
| 25:00 | Build | Fish Trap |
| 25:03 | Build | Fish Trap |
| 25:06 | Create | Fishing Ship |
Build order — Lukemba
First 150 of 317 actions detected
| 0:03 | Create | Villager (Male) |
| 0:03 | Create | Villager (Male) |
| 0:04 | Create | Villager (Male) |
| 0:04 | Create | Villager (Male) |
| 0:05 | Build | House |
| 0:07 | Build | House |
| 1:36 | Create | Villager (Male) |
| 1:37 | Create | Villager (Male) |
| 1:51 | Research | Loom |
| 2:16 | Create | Villager (Male) |
| 2:16 | Create | Villager (Male) |
| 2:17 | Create | Villager (Male) |
| 2:17 | Create | Villager (Male) |
| 3:06 | Create | Villager (Male) |
| 3:06 | Create | Villager (Male) |
| 3:06 | Create | Villager (Male) |
| 3:06 | Create | Villager (Male) |
| 3:13 | Build | House |
| 3:22 | Build | House |
| 3:41 | Build | House |
| 3:45 | Build | Palisade Wall |
| 4:11 | Create | Villager (Male) |
| 4:12 | Create | Villager (Male) |
| 4:27 | Build | Lumber Camp |
| 4:49 | Build | Palisade Wall |
| 5:11 | Build | Palisade Wall |
| 5:15 | Create | Villager (Male) |
| 5:15 | Create | Villager (Male) |
| 5:15 | Create | Villager (Male) |
| 5:33 | Build | Palisade Wall |
| 5:35 | Create | Villager (Male) |
| 5:36 | Create | Villager (Male) |
| 5:36 | Create | Villager (Male) |
| 5:46 | Build | House |
| 5:58 | Build | House |
| 6:03 | Build | House |
| 6:18 | Create | Villager (Male) |
| 6:20 | Create | Villager (Male) |
| 6:25 | Build | Dock |
| 7:12 | Create | Fishing Ship |
| 7:17 | Build | House |
| 7:38 | Build | Palisade Wall |
| 7:42 | Create | Villager (Male) |
| 7:57 | Create | Fishing Ship |
| 8:03 | Build | House |
| 8:27 | Build | Mill |
| 8:46 | Build | House |
| 8:47 | Build | House |
| 8:49 | Create | Villager (Male) |
| 8:50 | Create | Villager (Male) |
| 9:03 | Create | Villager (Male) |
| 9:19 | Build | House |
| 9:33 | Create | Villager (Male) |
| 9:40 | Research | Feudal Age |
| 9:42 | Create | Fishing Ship |
| 10:28 | Create | Villager (Male) |
| 10:28 | Create | Villager (Male) |
| 10:58 | Build | House |
| 11:00 | Build | House |
| 11:37 | Build | Mining Camp |
| 11:50 | Age | Feudal Age |
| 12:14 | Build | Market |
| 12:47 | Build | Blacksmith |
| 12:53 | Create | Villager (Male) |
| 13:17 | Research | Castle Age |
| 13:26 | Build | Palisade Wall |
| 13:49 | Research | Wheelbarrow |
| 14:00 | Build | Lumber Camp |
| 15:55 | Build | Mining Camp |
| 15:58 | Age | Castle Age |
| 16:05 | Build | Town Center |
| 16:13 | Build | Town Center |
| 16:28 | Create | Villager (Male) |
| 16:29 | Create | Villager (Male) |
| 16:29 | Create | Villager (Male) |
| 16:34 | Research | Double-Bit Axe |
| 16:50 | Build | Fish Trap |
| 17:31 | Build | Barracks |
| 17:56 | Build | Fish Trap |
| 17:58 | Build | Fish Trap |
| 17:59 | Create | Villager (Male) |
| 17:59 | Create | Villager (Male) |
| 17:59 | Create | Villager (Male) |
| 18:24 | Build | Stable |
| 18:48 | Research | Horse Collar |
| 18:56 | Research | Gold Mining |
| 19:03 | Create | Camel Scout |
| 19:03 | Create | Camel Scout |
| 19:03 | Create | Camel Scout |
| 19:18 | Build | Farm |
| 19:19 | Build | Farm |
| 19:19 | Build | Farm |
| 19:23 | Build | Farm |
| 19:26 | Create | Fishing Ship |
| 19:28 | Create | Fishing Ship |
| 20:12 | Create | Camel Scout |
| 20:18 | Create | Villager (Male) |
| 20:18 | Create | Villager (Male) |
| 20:18 | Create | Villager (Male) |
| 20:19 | Create | Villager (Male) |
| 20:20 | Build | Farm |
| 20:20 | Build | Farm |
| 20:21 | Build | Farm |
| 20:21 | Build | Farm |
| 20:28 | Build | Farm |
| 20:28 | Build | Farm |
| 20:28 | Build | Farm |
| 20:28 | Build | Farm |
| 20:59 | Build | Monastery |
| 21:01 | Create | Villager (Male) |
| 21:01 | Create | Villager (Male) |
| 21:01 | Create | Villager (Male) |
| 21:12 | Create | Camel Scout |
| 21:12 | Create | Camel Scout |
| 21:35 | Create | Camel Scout |
| 21:36 | Create | Villager (Male) |
| 21:36 | Create | Villager (Male) |
| 21:39 | Create | Villager (Male) |
| 21:39 | Create | Villager (Male) |
| 21:53 | Create | Villager (Male) |
| 21:53 | Create | Villager (Male) |
| 21:58 | Create | Camel Scout |
| 22:14 | Build | Farm |
| 22:15 | Build | Farm |
| 22:15 | Build | Farm |
| 22:15 | Build | Farm |
| 22:15 | Build | Farm |
| 22:35 | Create | Monk |
| 22:44 | Create | Camel Scout |
| 22:44 | Create | Camel Scout |
| 22:46 | Create | Villager (Male) |
| 22:46 | Create | Villager (Male) |
| 22:46 | Create | Villager (Male) |
| 22:46 | Create | Villager (Male) |
| 23:04 | Create | Villager (Male) |
| 23:04 | Create | Villager (Male) |
| 23:10 | Create | Camel Scout |
| 23:23 | Create | Villager (Male) |
| 23:32 | Create | Spearman |
| 23:42 | Create | Villager (Male) |
| 23:42 | Create | Villager (Male) |
| 23:42 | Create | Villager (Male) |
| 23:42 | Create | Villager (Male) |
| 23:51 | Create | Camel Scout |
| 23:59 | Build | Farm |
| 23:59 | Build | Farm |
| 24:00 | Build | Farm |
| 24:00 | Build | Farm |
| 24:00 | Build | Farm |
| 24:00 | Build | Farm |
Match timeline
| 1:07 | DK_Exmerior · wall_segment Palisade Wall x11 |
| 1:47 | number5 · wall_segment Palisade Wall x1 |
| 1:49 | number5 · wall_segment Palisade Wall x1 |
| 2:22 | Obuk · wall_segment Palisade Wall x1 |
| 2:53 | Ferman · wall_segment Palisade Wall x1 |
| 2:53 | Ferman · wall_segment Palisade Wall x1 |
| 2:55 | Ferman · wall_segment Palisade Wall x6 |
| 3:09 | number5 · wall_segment Palisade Wall x4 |
| 3:27 | number5 · wall_segment Palisade Wall x1 |
| 3:29 | number5 · wall_segment Palisade Wall x1 |
| 3:44 | Xololo · wall_segment Palisade Wall x15 |
| 3:45 | Lukemba · wall_segment Palisade Wall x4 |
| 4:40 | number5 · wall_segment Palisade Wall x1 |
| 4:44 | number5 · wall_segment Palisade Wall x1 |
| 4:46 | number5 · wall_segment Palisade Wall x1 |
| 4:49 | Lukemba · wall_segment Palisade Wall x1 |
| 4:51 | number5 · wall_segment Palisade Wall x1 |
| 4:58 | DK_Exmerior · wall_segment Palisade Wall x1 |
| 5:01 | DK_Exmerior · wall_segment Palisade Wall x1 |
| 5:08 | Ferman · wall_segment Palisade Wall x11 |
| 5:11 | Lukemba · wall_segment Palisade Wall x1 |
| 5:20 | DK_Exmerior · wall_segment Palisade Wall x1 |
| 5:23 | DK_Exmerior · wall_segment Palisade Wall x1 |
| 5:33 | Lukemba · wall_segment Palisade Wall x13 |
| 6:09 | DK_Exmerior · wall_segment Palisade Wall x1 |
| 6:25 | Lukemba · first_building Dock |
| 6:28 | number5 · wall_segment Palisade Wall x1 |
| 6:31 | number5 · wall_segment Palisade Wall x1 |
| 6:33 | DK_Exmerior · wall_segment Palisade Wall x1 |
| 6:49 | number5 · wall_segment Palisade Wall x1 |
| 6:54 | number5 · wall_segment Palisade Wall x1 |
| 7:22 | Xololo · wall_segment Palisade Wall x1 |
| 7:23 | Xololo · wall_segment Palisade Wall x1 |
| 7:25 | Xololo · wall_segment Palisade Wall x8 |
| 7:38 | Lukemba · wall_segment Palisade Wall x1 |
| 9:00 | Ferman · wall_segment Palisade Wall x1 |
| 9:18 | DK_Exmerior · first_building Dock |
| 10:36 | number5 · first_building Dock |
| 11:50 | Ferman · wall_segment Palisade Wall x1 |
| 11:50 | Lukemba · age_up feudal |
| 11:52 | Ferman · wall_segment Palisade Wall x1 |
| 12:00 | Xololo · age_up feudal |
| 12:10 | Xololo · wall_segment Stone Wall x10 |
| 12:12 | Obuk · wall_segment Palisade Wall x9 |
| 12:54 | DK_Exmerior · age_up feudal |
| 12:55 | Xololo · first_market_sell 100 wood |
| 12:56 | Xololo · first_market_buy 100 food |
| 13:07 | DK_Exmerior · wall_segment Stone Wall x5 |
| 13:11 | DK_Exmerior · wall_segment Stone Wall x3 |
| 13:11 | Lukemba · first_market_sell 100 food |
| 13:12 | DK_Exmerior · wall_segment Stone Wall x2 |
| 13:18 | DK_Exmerior · wall_segment Stone Wall x1 |
| 13:26 | Lukemba · wall_segment Palisade Wall x1 |
| 13:34 | number5 · age_up feudal |
| 13:40 | Xololo · wall_segment Stone Wall x1 |
| 13:41 | Xololo · wall_segment Stone Wall x1 |
| 13:42 | Xololo · wall_segment Stone Wall x1 |
| 13:44 | Xololo · wall_segment Stone Wall x12 |
| 13:53 | Obuk · first_building Dock |
| 14:11 | Xololo · first_building Stable |
| 14:26 | Obuk · wall_segment Palisade Wall x1 |
| 14:52 | Obuk · wall_segment Palisade Wall x1 |
| 15:25 | Ferman · wall_segment Palisade Wall x1 |
| 15:25 | Ferman · wall_segment Palisade Wall x1 |
| 15:27 | Ferman · wall_segment Palisade Wall x1 |
| 15:29 | Ferman · wall_segment Palisade Wall x1 |
| 15:44 | Xololo · age_up castle |
| 15:47 | Obuk · wall_segment Palisade Wall x1 |
| 15:57 | Ferman · wall_segment Palisade Wall x1 |
| 15:58 | Lukemba · age_up castle |
| 15:58 | Ferman · wall_segment Palisade Wall x1 |
| 16:00 | Ferman · wall_segment Palisade Wall x1 |
| 16:09 | Ferman · wall_segment Palisade Wall x1 |
| 16:16 | Ferman · wall_segment Palisade Wall x1 |
| 16:17 | Ferman · wall_segment Palisade Wall x1 |
| 16:49 | Obuk · wall_segment Palisade Wall x1 |
| 16:50 | Obuk · wall_segment Palisade Wall x3 |
| 16:53 | Obuk · wall_segment Palisade Wall x4 |
| 16:55 | Obuk · wall_segment Palisade Wall x2 |
| 17:11 | Ferman · wall_segment Palisade Wall x6 |
| 17:12 | Ferman · wall_segment Palisade Wall x4 |
| 17:26 | Ferman · wall_segment Palisade Wall x1 |
| 17:26 | Ferman · wall_segment Palisade Wall x1 |
| 17:27 | Ferman · wall_segment Palisade Wall x1 |
| 17:28 | Ferman · wall_segment Palisade Wall x1 |
| 17:31 | Lukemba · first_building Barracks |
| 17:48 | Ferman · wall_segment Palisade Wall x1 |
| 17:53 | Ferman · wall_segment Palisade Wall x1 |
| 18:01 | Ferman · wall_segment Palisade Wall x1 |
| 18:02 | Ferman · wall_segment Palisade Wall x1 |
| 18:08 | Obuk · wall_segment Palisade Wall x9 |
| 18:10 | Ferman · wall_segment Palisade Wall x1 |
| 18:24 | Lukemba · first_building Stable |
| 18:24 | Obuk · wall_segment Palisade Wall x2 |
| 18:46 | Lukemba · first_market_buy 100 food |
| 18:51 | number5 · age_up castle |
| 19:32 | Obuk · wall_segment Palisade Wall x1 |
| 20:14 | DK_Exmerior · age_up castle |
| 20:15 | DK_Exmerior · wall_segment Stone Wall x2 |
| 20:16 | DK_Exmerior · wall_segment Stone Wall x4 |
| 20:40 | Ferman · wall_segment Palisade Wall x1 |
| 20:59 | Lukemba · first_building Monastery |
| 21:51 | number5 · first_market_buy 100 food |
| 21:55 | Obuk · age_up feudal |
| 22:37 | DK_Exmerior · first_building Castle |
| 22:51 | Ferman · wall_segment Palisade Wall x1 |
| 23:17 | number5 · first_building Siege Workshop |
| 23:53 | DK_Exmerior · first_building Barracks |
| 24:06 | Ferman · wall_segment Palisade Wall x1 |
| 24:09 | Ferman · wall_segment Palisade Wall x1 |
| 24:11 | Ferman · wall_segment Palisade Wall x1 |
| 24:24 | Ferman · wall_segment Palisade Wall x1 |
| 24:26 | Ferman · wall_segment Palisade Wall x1 |
| 24:27 | Ferman · wall_segment Palisade Wall x1 |
| 24:50 | Xololo · first_building Monastery |
| 25:50 | DK_Exmerior · first_building Monastery |
| 26:28 | Ferman · wall_segment Palisade Wall x1 |
| 26:31 | Obuk · first_market_sell 100 stone |
| 26:45 | Ferman · wall_segment Palisade Wall x1 |
| 26:45 | Ferman · wall_segment Palisade Wall x1 |
| 26:48 | Ferman · wall_segment Palisade Wall x1 |
| 26:48 | Ferman · wall_segment Palisade Wall x1 |
| 26:50 | Ferman · age_up feudal |
| 27:02 | Ferman · wall_segment Palisade Wall x1 |
| 27:03 | Ferman · wall_segment Palisade Wall x1 |
| 27:06 | Ferman · wall_segment Palisade Wall x1 |
| 27:08 | Ferman · wall_segment Palisade Wall x1 |
| 27:18 | number5 · first_building Monastery |
| 27:46 | number5 · first_market_sell 100 wood |
| 27:54 | Ferman · first_market_sell 100 wood |
| 27:57 | Ferman · first_market_buy 100 food |
| 28:01 | number5 · first_building Barracks |
| 29:10 | number5 · first_building Castle |
| 29:13 | Obuk · age_up castle |
| 29:24 | Obuk · first_building Castle |
| 30:00 | DK_Exmerior · first_building Siege Workshop |
| 30:11 | Obuk · wall_segment Stone Wall x1 |
| 30:28 | DK_Exmerior · age_up imperial |
| 30:42 | Ferman · age_up castle |
| 30:45 | Lukemba · first_building Siege Workshop |
| 30:49 | Ferman · first_building Castle |
| 31:21 | number5 · first_building Archery Range |
| 31:25 | number5 · age_up imperial |
| 31:30 | DK_Exmerior · first_market_sell 100 food |
| 31:40 | Obuk · wall_segment Stone Wall x1 |
| 31:42 | Obuk · wall_segment Stone Wall x1 |
| 31:43 | Obuk · wall_segment Stone Wall x1 |
| 31:46 | Obuk · wall_segment Stone Wall x1 |
| 33:10 | Lukemba · first_building Castle |
| 34:35 | Lukemba · age_up imperial |
| 34:36 | Xololo · age_up imperial |
| 34:45 | Obuk · age_up imperial |
| 35:10 | Xololo · first_building Castle |
| 35:11 | DK_Exmerior · wall_segment Palisade Wall x1 |
| 35:14 | DK_Exmerior · wall_segment Palisade Wall x1 |
| 35:45 | DK_Exmerior · wall_segment Stone Wall x1 |
| 36:18 | Ferman · resign |
[ AI ANALYSIS · 1 CREDIT ]
What really happened in this match?
Wolo.gg analyzes every decision: build order, eco, micro, common mistakes by bracket. Personalized analysis on WhatsApp or Discord in 30 seconds.
Civ guide
Goths
Perfil
Jugador #547644